 Dungeon Sprint DCSS version bcrawl-1.40.3b (webtiles) character file.

Game seed: 198290289747094890

4300000 Groucho the Archmage (level 24, -5/249 HPs)
             Began as a Djinni Warper on Nov 25, 2023.
             Was the Champion of Makhleb.
             Slain by a destroyer
             ... wielding a +9 great sword of slicing
              (9 damage)
             ... in the Dungeon (Sprint VIII: "Arena of Blood").
             The game lasted 00:02:01 (43 turns).

Groucho the Archmage (Djinni Warper)                  Turns: 43, Time: 00:02:01

Health: -5/249     AC:  4    Str: 18    XL:     24   Next: 49%
Magic:  13/64      EV: 28    Int: 21    God:    Makhleb [******]
Gold:   0          SH:  0    Dex: 13    Spells: 75/77 levels left

rFire    + . .     GDR:     44% c - +∞ Axe of Woe
rCold    . . .     SeeInvis +   (shield currently unavailable)
rNeg     . . .     Gourm    .   b - +0 robe
rPois    .         Faith    .   (no helmet)
rElec    .         Spirit   .   (no cloak)
rCorr    .         Reflect  .   (no gloves)
MR       ++...     Rnd*Rage +   (boots unavailable) Stlth +++++++++.NoTele +
                                (no amulet)
HPRegen  0.51/turn              m - ring of see invisible
MPRegen  0.39/turn              (no ring)

@: flying, very slightly contaminated
A: never pass out, berserk 2, blink, blurry vision 2, fire resistance 1, hurl
hellfire, high mp 2, wild magic 3, disrupted magic 1, MP-powered wands, floating
a: Hurl Hellfire, Blink, Minor Destruction, Hew, Major Destruction, Greater
Servant of Makhleb, Renounce Religion


You were in the Dungeon.
You worshipped Makhleb.
Makhleb was exalted by your worship.
You were not hungry.

You visited 1 branch

Inventory:

Hand Weapons
 a - a +0 dagger
 c - the +∞ Axe of Woe (weapon)
   (You found it in the Dungeon)
Missiles
 f - 2 throwing nets {=f}
 g - 150 javelins (quivered)
Armour
 b - a +0 robe (worn)
Jewellery
 m - a ring of see invisible (left hand)
Scrolls
 d - a scroll of blinking
Potions
 h - a potion of curing
 i - a potion of heal wounds
 j - a potion of haste
 k - 2 potions of magic
 l - a potion of berserk rage
Comestibles
 e - a ration {!d}


   Skills:
 O Level 27 Fighting
 O Level 27 Short Blades
 O Level 27 Axes
 O Level 27 Throwing
 O Level 27 Armour
 O Level 27 Dodging
 O Level 27 Stealth
 O Level 27 Unarmed Combat
 O Level 27 Spellcasting
 O Level 27 Translocations
 O Level 27 Invocations


You had 75 spell levels left.
You knew the following spells:

 Your Spells              Type           Power        Failure   Level  Hunger
a - Blink Other           Tloc           ######       1%          1    None
b - Apportation           Tloc           ######       1%          1    None

Your spell library contained the following spells:

 Spells                   Type           Power        Failure   Level  Hunger
 Blink                    Tloc           N/A          1%          2    None
 Portal Projectile        Tloc           ######       1%          3    None
 Teleport Other           Tloc           ########     1%          3    None
 Passage of Golubria      Tloc           N/A          1%          5    None


Dungeon Overview and Level Annotations

Branches:
Dungeon (1/1)

Altars:
Makhleb


Innate Abilities, Weirdness & Mutations

You never pass out after going berserk.
You often lose your temper in combat.
You can translocate small distances at will.
Scrolls take you longer to read.
Your flesh is heat resistant. (rF+)
You can hurl hellfire.
You have a considerably increased reservoir of magic. (+20% MP)
Your spells are much harder to cast, but much more powerful.
Your casting is slightly disrupted.
You expend magic power (3 MP) to strengthen your wands.
Your body floats in the air.


Message History

The sculptor of flesh appears out of thin air!
You are engulfed in blazing flames.
You resist.
You hear a shout! x4
The destroyer is engulfed in blazing flames.
The destroyer blinks!
You hear a shout!
A crawling corpse merges with a small abomination to form a large abomination.
You hear a shout! x2
The destroyer blinks!
You begin reading the scroll.
You continue reading the scroll.
You are engulfed in blazing flames.
You resist. The large abomination hits you!!
The destroyer shouts!
You hear a shout! x2
The destroyer blinks!
The destroyer is engulfed in blazing flames.
The destroyer hits you with a +9 great sword of slicing!!!!!
Ouch! That really hurt!
* * * LOW HITPOINT WARNING * * *
x2 The destroyer bites you!
You die...

...........##...
.#........#.....
..........#...##
.##%#...).......
.......).z..%...
#...V#..x%.####.
§%...§zXX§...#..
......○V§V......
.....%V@○X.....#
################


You could see 4 destroyers, 2 sculptors of flesh, 3 large abominations and a
crawling corpse.

Vanquished Creatures
  A vampire knight (D)
  9 ogres (D)
  2 two-headed ogres (D)
  32 orcs (D)
  A crawling corpse (D)
45 creatures vanquished.

Notes
Turn   | Place    | Note
-------+----------+-------------------------------------------
     0 | D        | Found the +∞ Axe of Woe
     0 | D        | Groucho the Djinni Warper began the quest for the Orb.
     0 | D        | Reached XP level 1. HP: 17/17 MP: 4/4
     3 | D        | Noticed a bag of meat
     4 | D        | Became a worshipper of Makhleb the Destroyer
     6 | D        | Noticed a bag of meat
     7 | D        | Noticed a bag of meat
     7 | D        | Noticed a bag of meat
     7 | D        | Noticed a bag of meat
     7 | D        | Noticed a bag of meat
     7 | D        | Noticed a bag of meat
     7 | D        | Noticed a meat berserker
     8 | D        | Noticed a bag of meat
     8 | D        | Noticed a bag of meat
     8 | D        | Noticed a bag of meat
     8 | D        | Noticed a bag of meat
     8 | D        | Noticed a bag of meat
     9 | D        | Noticed a bag of meat
     9 | D        | Noticed a bag of meat
     9 | D        | Noticed a large bag of meat
    10 | D        | Killed a bag of meat
    10 | D        | Noticed a bag of meat
    10 | D        | Noticed a bag of meat
    10 | D        | Noticed a meat berserker
    11 | D        | Reached XP level 2. HP: 24/24 MP: 4/21
    11 | D        | Reached XP level 3. HP: 29/29 MP: 4/22
    11 | D        | Gained mutation: Your spells are harder to cast, but more
                  | powerful. [Djinni growth]
    11 | D        | Gained mutation: You can translocate small distances at
                  | will. [Djinni growth]
    11 | D        | Reached XP level 4. HP: 36/36 MP: 4/24
    11 | D        | Reached XP level 5. HP: 41/41 MP: 4/25
    11 | D        | Reached XP level 6. HP: 48/48 MP: 4/27
    11 | D        | Reached XP level 7. HP: 55/55 MP: 4/28
    11 | D        | Gained mutation: Your spells are much harder to cast, but
                  | much more powerful. [Djinni growth]
    11 | D        | Reached XP level 8. HP: 61/61 MP: 4/30
    11 | D        | Reached XP level 9. HP: 67/67 MP: 4/31
    11 | D        | Reached XP level 10. HP: 73/73 MP: 4/32
    11 | D        | Reached XP level 11. HP: 79/79 MP: 4/33
    11 | D        | Killed a bag of meat
    11 | D        | Reached * piety under Makhleb
    11 | D        | Killed a bag of meat
    11 | D        | Killed a bag of meat
    11 | D        | Killed a bag of meat
    11 | D        | Reached ** piety under Makhleb
    11 | D        | Noticed a bag of meat
    11 | D        | Noticed a large bag of meat
    12 | D        | Gained mutation: Your casting is slightly disrupted.
                  | [Djinni growth]
    12 | D        | Gained mutation: Your flesh is heat resistant. (rF+)
                  | [Djinni growth]
    12 | D        | Gained mutation: You have an increased reservoir of magic.
                  | (+10% MP) [Djinni growth]
    12 | D        | Gained mutation: You have a considerably increased
                  | reservoir of magic. (+20% MP) [Djinni growth]
    12 | D        | Reached XP level 12. HP: 76/85 MP: 4/49
    12 | D        | Reached XP level 13. HP: 82/91 MP: 4/50
    12 | D        | Reached XP level 14. HP: 89/99 MP: 4/51
    12 | D        | Killed a bag of meat
    12 | D        | Killed a bag of meat
    12 | D        | Killed a bag of meat
    12 | D        | Reached *** piety under Makhleb
    13 | D        | Reached skill level 27 in Spellcasting
    13 | D        | Reached XP level 15. HP: 25/104 MP: 4/55
    13 | D        | Killed a meat berserker
    14 | D        | Reached skill level 27 in Translocations
    14 | D        | Reached XP level 16. HP: 111/111 MP: 4/56
    14 | D        | Reached **** piety under Makhleb
    14 | D        | Noticed a meat berserker
    15 | D        | Reached skill level 27 in Axes
    15 | D        | Reached skill level 27 in Dodging
    15 | D        | Reached XP level 17. HP: 136/136 MP: 4/57
    15 | D        | Noticed a meat berserker
    15 | D        | Noticed a meat berserker
    16 | D        | Reached skill level 15 in Fighting
    16 | D        | Killed a large bag of meat
    16 | D        | Killed a meat berserker
    16 | D        | Reached ***** piety under Makhleb
    16 | D        | Noticed a meat berserker
    17 | D        | Gained mutation: You can hurl hellfire. [Djinni growth]
    17 | D        | Reached XP level 18. HP: 190/190 MP: 5/58
    17 | D        | Reached XP level 19. HP: 198/198 MP: 5/60
    18 | D        | Noticed a large bag of meat
    18 | D        | Noticed a meat berserker
    19 | D        | Noticed a meat berserker
    20 | D        | Noticed a meat berserker
    21 | D        | Killed a meat berserker
    21 | D        | Killed a meat berserker
    22 | D        | Reached skill level 27 in Fighting
    22 | D        | Reached skill level 27 in Armour
    22 | D        | Reached skill level 27 in Invocations
    22 | D        | Reached XP level 20. HP: 216/216 MP: 7/61
    26 | D        | Killed a meat berserker
    26 | D        | Reached ****** piety under Makhleb
    27 | D        | Killed a meat berserker
    28 | D        | Reached skill level 27 in Stealth
    28 | D        | Reached XP level 21. HP: 224/224 MP: 9/62
    30 | D        | Reached XP level 22. HP: 233/233 MP: 9/63
    31 | D        | Killed a large bag of meat
    32 | D        | Noticed a destroyer
    33 | D        | Reached XP level 23. HP: 231/240 MP: 10/64
    34 | D        | Reached skill level 27 in Short Blades
    34 | D        | Reached skill level 27 in Throwing
    34 | D        | Reached skill level 27 in Unarmed Combat
    34 | D        | Noticed a destroyer
    35 | D        | Killed a destroyer
    37 | D        | Reached XP level 24. HP: 242/249 MP: 11/64
    40 | D        | Noticed a destroyer
    40 | D        | Noticed a destroyer
    42 | D        | Noticed a destroyer
    43 | D        | HP: 4/249 [destroyer/+9 great sword of slicing (26)]
    43 | D        | Slain by a destroyer

Skill      XL: |  1  2  3  4  5  6  7  8  9 10 11 12 13 14 15 16 17 18 19 20 21 22 23 |
---------------+----------------------------------------------------------------------+-----
Axes           | 14 20 22 26 27 | 27.0
Dodging        | 14 20 23 26 27 | 27.0
Spellcasting   | 18 25 27 | 27.0
Translocations | 17 23 26 27 | 27.0
Fighting       | 8 24 27 | 27.0
Armour         | 6 20 27 | 27.0
Invocations    | 8 24 27 | 27.0
Stealth        | 14 27 | 27.0
Short Blades   | 8 21 26 27 | 27.0
Throwing       | 7 20 25 27 | 27.0
Unarmed Combat | 8 21 26 27 | 27.0

Action                   |  1- 3 |  4- 6 |  7- 9 | 10-12 | 13-15 | 16-18 | 19-21 | 22-24 || total
-------------------------+-------+-------+-------+-------+-------+-------+-------+-------++-------
Melee: Executioner's axe |     1 |       |       |     1 |     2 |     3 |     6 |    10 ||    23
  Use: Scroll            |       |       |       |       |       |       |     1 |       ||     1
Dodge: Dodged            |       |       |       |       |       |       |     1 |       ||     1
